 Seeded DCSS version 0.31-a0-182-gc5ef74bbde (webtiles) character file.

Game seed: 17470652125493844045 (custom seed)

89 innerfire43 the Cutter (level 4, -8/35 HPs)
             Began as a Demonspawn Monk on June 20, 2023.
             Mangled by a sleepcap (15 damage)
             ... on level 4 of the Dungeon.
             The game lasted 00:03:24 (2950 turns).

innerfire43 the Cutter (Demonspawn Monk)            Turns: 2950, Time: 00:03:24

Health: -8/35      AC:  4    Str: 14    XL:     4   Next: 31%
Magic:  0/4        EV:  2    Int: 11    God:
Gold:   266        SH:  0    Dex: 15    Spells: 3/3 levels left

rFire   . . .        a - +0 short sword
rCold   . . .        d - orb {light}
rNeg    . . .        b - +0 robe
rPois   .            p - +0 helmet
rElec   .            (no cloak)
rCorr   .            k - +0 pair of gloves
SInv    .            (no boots)
Will    .....        g - amulet of guardian spirit
Stlth   +            (no ring)
HPRegen 0.25/turn    (no ring)
MPRegen 0.18/turn

%: guardian spirit
@: sleeping, glowing
A: claws 1, magic regeneration
a: no special abilities


You were on level 4 of the Dungeon.
You visited 1 branch of the dungeon, and saw 4 of its levels.

You collected 266 gold pieces.

Inventory:

Hand Weapons
 a - a +0 short sword (weapon)
 t - the +4 mace of Ynkeggo {heavy, *Noise Will+ Int+3 Stlth+}
   (You found it on level 3 of the Dungeon)

   Int:       It affects your intelligence (+3).
   *Noise:    It may make noises in combat.
   Will:      It increases your willpower.
   Stlth:     It makes you more stealthy.
Armour
 b - a +0 robe (worn)
 d - an orb of light (worn)
 k - a +0 pair of gloves (worn)
 p - a +0 helmet (worn)
Jewellery
 e - an amulet of magic regeneration
 g - an amulet of guardian spirit (around neck)
 s - a ring of see invisible
Scrolls
 h - 2 scrolls of teleportation {unknown}
 i - a scroll of amnesia {unknown}
 j - a scroll of noise {unknown}
 l - 3 scrolls of immolation {unknown}
 n - a scroll of revelation {unknown}
 o - 2 scrolls of identify {unknown}
 r - a scroll of acquirement {unknown}
Potions
 c - a potion of ambrosia
 f - 3 potions of curing {unknown}
 m - a potion of cancellation {unknown}
 q - a potion of heal wounds {unknown}


   Skills:
 - Level 3.0 Fighting
 * Level 4.3 Short Blades
 + Level 3.2 Dodging


You had 3 spell levels left.
You didn't know any spells.
Your spell library contained the following spells:

 Spells                   Type           Power      Damage    Failure   Level
 Magic Dart               Conj           0%         1d3       34%         1
 Call Imp                 Summ           0%         N/A       47%         2
 Mephitic Cloud           Conj/Pois/Air  0%         N/A       71%         3


Dungeon Overview and Level Annotations

Branches:
Dungeon (4/15)
 Temple: D:4-7

Altars:
Gozag


Innate Abilities, Weirdness & Mutations

You have sharp fingernails.
You regenerate magic rapidly.


Message History

You hit the sleepcap.
The sleepcap is lightly damaged.
The sleepcap releases spores at you.
You are engulfed in a cloud of soporific spores!
You are unaffected.
You hit the sleepcap.
The sleepcap is lightly damaged.
The sleepcap releases spores at you!
You are too injured to fight recklessly!
You are too injured to fight recklessly!
You hit the sleepcap.
The sleepcap is moderately damaged.
The sleepcap closely misses you.
You hit the sleepcap but do no damage.
The sleepcap is moderately damaged.
The sleepcap releases spores at you.
* * * LOW HITPOINT WARNING * * *
You are engulfed in a cloud of soporific spores!
You are unaffected.
You hit the sleepcap.
The sleepcap is heavily damaged.
You hit the sleepcap but do no damage.
The sleepcap is heavily damaged.
The sleepcap closely misses you.
You hit the sleepcap.
The sleepcap is heavily damaged.
The sleepcap releases spores at you but does no damage.
You hit the sleepcap but do no damage.
The sleepcap is heavily damaged.
The sleepcap completely misses you.
You hit the sleepcap but do no damage.
The sleepcap is heavily damaged.
You hit the sleepcap but do no damage.
The sleepcap is heavily damaged.
The sleepcap releases spores at you.
* * * LOW HITPOINT WARNING * * *
You are engulfed in a cloud of soporific spores!
You fall asleep.
The sleepcap releases spores at you!
You die...

##########
#.>.f@...#
#######
#..#####.#
#.....# #
###.#####.....###
#................
###.###.......###
#.##........#
..###...#####
#### ##.## #.#


You could see a sleepcap.

Vanquished Creatures
  3 adders
  4 dart slugs
  2 ball pythons (D:1)
  7 endoplasms
  2 giant cockroaches (D:1)
  6 goblins
  8 hobgoblins
  3 quokkas
  2 bats (D:1)
  3 frilled lizards
  7 kobolds
  4 rats
51 creatures vanquished.

Notes
Turn   | Place    | Note
-------+----------+-------------------------------------------
     0 | D:1      | innerfire43 the Demonspawn Monk began the quest for the
                  | Orb.
     0 | D:1      | Reached XP level 1. HP: 18/18 MP: 1/1
   108 | D:1      | Reached skill level 3 in Short Blades
   116 | D:1      | Gained mutation: You have sharp fingernails. [demonic
                  | ancestry]
   116 | D:1      | Reached XP level 2. HP: 14/24 MP: 2/2
   577 | D:1      | Gained mutation: You regenerate magic rapidly. [demonic
                  | ancestry]
   577 | D:1      | Reached XP level 3. HP: 23/29 MP: 3/3
  1601 | D:2      | Reached skill level 4 in Short Blades
  1714 | D:2      | Reached XP level 4. HP: 35/35 MP: 2/4
  2133 | D:3      | Found an opulent altar of Gozag.
  2416 | D:3      | Identified the +4 mace of Ynkeggo {heavy, *Noise Will+
                  | Int+3 Stlth+}
  2950 | D:4      | Mangled by a sleepcap

Illustrated notes

Levels and vault maps discovered:
D:1:      minmay_arrival_four_loops, layout_basic, minmay_three_crescents
D:2:      layout_basic
D:3:      layout_rooms, grunt_gozag_breadcrumbs, minmay_gold_behind_fungi
D:4:      nicolae_cairo_tiling_very_big, layout_loops_corners, zin_statuary,
          trog_hazing_becter, nrook_mini_backslash, solitary_fountain,
          uniq_eustachio, uniq_natasha

Skill      XL: |  1  2  3 |
---------------+----------+-----
Short Blades   | 3 4 |  4.3
Dodging        | 3 |  3.2
Fighting       | |  3.0

Action                     |  1- 3 |  4- 6 || total
---------------------------+-------+-------++-------
  Melee: Short sword       |   164 |    54 ||   218
 Armour: Robe              |    16 |     6 ||    22
  Dodge: Dodged            |    84 |    26 ||   110

Table legend: (Time is in decaauts)
 A = Elapsed time spent in this place.
 B = Non-inter-level travel time spent in this place.
 C = Inter-level travel time spent in this place.
 D = Time resting spent in this place.
 E = Time spent auto-exploring this place.
 F = Levels seen in this place.
 G = Mean time per level.
                   A        B        C        D        E       F      G
               +--------+--------+--------+--------+--------+-----+--------+
         Total |   2909 |   2816 |     93 |      0 |   2079 |   4 |  727.2 |
       Dungeon |   2909 |   2816 |     93 |      0 |   2079 |   4 |  727.2 |
               +--------+--------+--------+--------+--------+-----+--------+

Top non-repeatable levels by time:
     D:1: 1239 daAuts
     D:3: 885 daAuts
     D:2: 729 daAuts
     D:4: 54 daAuts
